 Dungeon Crawl Stone Soup version 0.28-a0-751-gef3a642a4e (webtiles) character file.

Game seed: 12608885214012015111

61 Woods the Insei (level 4, -4/34 HPs)
             Began as a Djinni Transmuter on Oct 30, 2021.
             Killed from afar by Terence (7 damage)
             ... with a puff of flame
             ... on level 2 of the Dungeon.
             The game lasted 00:02:21 (2870 turns).

Woods the Insei (Djinni Transmuter)                 Turns: 2870, Time: 00:02:21

Health: -4/34      AC:  2    Str:  9    XL:     4   Next: 27%
Gold:   19         EV: 19    Int: 15    God:
                   SH:  0    Dex: 19

rFire   . . .      SeeInvis .     - Unarmed
rCold   . . .      Faith    .   (shield currently unavailable)
rNeg    . . .      Spirit   .   (armour currently unavailable)
rPois   ∞          Reflect  .   (helmet currently unavailable)
rElec   .          Harm     .   (cloak currently unavailable)
rCorr   .          Rampage  .   (gloves currently unavailable)
Will    .....                   (boots unavailable)
Stlth   ++........              (no amulet)
HPRegen 0.11/turn               (no ring)
MPRegen 0.00/turn               (no ring)

@: spider-form (expiring), flying
A: venomous fangs, flying, sickness immunity, tiny, (fire resistance 2), (cold
vulnerability 1), float, innate caster, hp casting, extra vitality 1
a: End Transformation


You were on level 2 of the Dungeon.
You were a venomous arachnid creature.
You visited 1 branch of the dungeon, and saw 2 of its levels.

You collected 19 gold pieces.

Inventory:

Armour
 a - a +0 robe (melded)
Scrolls
 b - 5 scrolls of identify {unknown}
 c - a scroll of immolation {unknown}
 g - a scroll of teleportation {unknown}
 h - a scroll of enchant weapon {unknown}
Potions
 d - a potion of haste {unknown}
 e - a potion of resistance {unknown}
 f - a potion of brilliance {unknown}
 i - 3 potions of curing {unknown}
 j - a potion of heal wounds {unknown}
 k - a potion of lignification {unknown}


   Skills:
 + Level 2.4 Fighting
 - Level 2.2 Dodging
 + Level 4.1 Unarmed Combat
 - Level 1.5 Spellcasting


You couldn't memorise any spells.
You knew the following spells:

 Your Spells              Type           Power      Damage    Failure   Level
a - Beastly Appendage     Tmut           10%        N/A       28%         1
b - Wereblood             Tmut           5%         N/A       38%         2
c - Spider Form           Tmut/Pois      2%         N/A       58%         3
d - Ice Form              Ice/Tmut       5%         N/A       90%         4
e - Animate Skeleton      Necr           10%        N/A       28%         1
Your spell library was empty.

Dungeon Overview and Level Annotations

Branches:
Dungeon (2/15)

Altars:

Annotations:
D:2 Terence


Innate Abilities, Weirdness & Mutations

You are a venomous arachnid creature.
You have poisonous fangs.
You are tiny and dextrous.
You are flying.
Your spellcasting is less reliable in this form.
Your armour is entirely melded.
You are incapable of wielding weapons or throwing items.
You are immune to sickness and miasma.
You are immune to poison.
((Your flesh is very heat resistant. (rF++)))
((You are vulnerable to cold. (rC-)))
You float through the air rather than walking.
You learn spells naturally, not from books.
Your magical power is your life essence.
You have superior vitality. (+4 HP)


Message History

Your transformation is almost over.
Your horns disappear.
You reach down and open the door.
Found a leather armour.
Terence the Incautious comes into view.
He is wielding a +0 flail and carrying a wand of flame (8).
Terence shouts!
Terence zaps a wand.
The puff of flame hits you. You resist.
There is an open door here.
Terence is nearby!
Terence is nearby!
As you close the door, it creaks loudly!
Terence opens the door.
You reach down and close the door.
Terence opens the door.
You reach down and close the door.
Terence opens the door.
Terence zaps a wand.
The puff of flame hits you. You resist.
You see here a +0 whip.
Press: ? - help, v - describe, . - travel
Here: Terence, wielding a +0 flail, wearing a +0 scale mail and carrying a wand of flame (6)
The floor.
Casting: Beastly Appendage (safe; 12% risk of failure)
Confirm with . or Enter, or press ? or * to list all spells.
The spell is quite dangerous to cast (36% risk of failure)!
Continue anyway?
You turn into a venomous arachnid creature.
Your +0 robe melds into your body.
Your transformation is almost over.
Terence zaps a wand.
The puff of flame hits you! Terence barely misses you.
You barely miss Terence. Terence completely misses you.
You barely miss Terence.
Terence zaps a wand.
The puff of flame hits you!
You barely miss Terence. Terence closely misses you.
You hit Terence but do no damage.
Terence is poisoned.
Terence barely misses you.
You hit Terence.
Terence looks as sick as possible!
Terence is moderately wounded.
Terence zaps a wand.
The puff of flame hits you!
* * * LOW HITPOINT WARNING * * *
You completely miss Terence.
Terence is moderately wounded.
Terence zaps a wand.
The puff of flame hits you!
You die...

#....#......#
#...........#.#
#....####'###
#.#########.#.# #.#
#<........#.#.# #.#
#.#######.#.#.# #.# #.#
#.#.#.# #.#########.#
#.#.#.# #...........#
#...#.#
##########################†#
#.....)..@.s................
#.########################.#
#.# #.# #.# #.# #.# #.#
#+####.# #.# .....#.### #.#
.....'...# #.# .....#.#.#
#.#


You could see Terence (extremely poisoned).

Vanquished Creatures
  2 gnolls (D:2)
  4 dart slugs
  3 bats (D:1)
  8 endoplasms (D:1)
  3 hobgoblins
  A ball python (D:2)
  3 frilled lizards (D:1)
  7 kobolds
  3 rats (D:1)
34 creatures vanquished.

Notes
Turn   | Place    | Note
-------+----------+-------------------------------------------
     0 | D:1      | Woods the Djinni Transmuter began the quest for the Orb.
     0 | D:1      | Reached XP level 1. HP: 17/17 MP: 0/0
   427 | D:1      | Reached XP level 2. HP: 14/22 MP: 0/0
  1103 | D:1      | Reached XP level 3. HP: 26/27 MP: 0/0
  1103 | D:1      | Learned a level 1 spell: Animate Skeleton
  2349 | D:2      | Reached skill level 4 in Unarmed Combat
  2357 | D:2      | Reached XP level 4. HP: 7/33 MP: 0/0
  2841 | D:2      | Noticed Terence
  2870 | D:2      | Killed from afar by Terence

Illustrated notes

Levels and vault maps discovered:
D:1:      elethiomel_arrival_quiet, layout_basic, amethyst_killhole
D:2:      layout_basic, uniq_natasha, uniq_terence, uniq_jessica

Skill      XL: |  1  2  3 |
---------------+----------+-----
Fighting       | 2 |  2.4
Unarmed Combat | 4 |  4.1
Dodging        | |  2.2
Spellcasting   | |  1.5

Action                   |  1- 3 |  4- 6 || total
-------------------------+-------+-------++-------
Melee: Unarmed           |    78 |    17 ||    95
       Headbutt          |     9 |       ||     9
       Punch             |       |     1 ||     1
 Cast: Beastly Appendage |    15 |     2 ||    17
       Spider Form       |     1 |     2 ||     3
Armor: Robe              |     4 |     1 ||     5
Dodge: Dodged            |    33 |     9 ||    42

Table legend: (Time is in decaauts)
 A = Elapsed time spent in this place.
 B = Non-inter-level travel time spent in this place.
 C = Inter-level travel time spent in this place.
 D = Time resting spent in this place.
 E = Time spent auto-exploring this place.
 F = Levels seen in this place.
 G = Mean time per level.
                   A        B        C        D        E       F      G
               +--------+--------+--------+--------+--------+-----+--------+
         Total |   2864 |   2832 |     32 |    928 |   1540 |   2 | 1432.0 |
       Dungeon |   2864 |   2832 |     32 |    928 |   1540 |   2 | 1432.0 |
               +--------+--------+--------+--------+--------+-----+--------+

Top non-repeatable levels by time:
     D:1: 2255 daAuts
     D:2: 608 daAuts
